 Dungeon Crawl Stone Soup version 0.27-a0-34-gc18c9092ac (webtiles) character file.

Game seed: 18205221771090959280

128 robertstho the Skirmisher (level 4, 0/42 HPs)
             Began as a Palentonga Abyssal Knight on Jan 4, 2021.
             Was a Believer of Lugonu.
             Slain by an ice beast (9 damage)
             ... on level 3 of the Dungeon.
             The game lasted 00:02:34 (2020 turns).

robertstho the Skirmisher (PaAK)                    Turns: 2020, Time: 00:02:34

Health: 0/42       AC:  5    Str: 16    XL:     4   Next: 86%
Magic:  5/5        EV:  9    Int: 13    God:    Lugonu [**....]
Gold:   144        SH:  0    Dex:  9    Spells: 3/3 levels left

rFire    . . .     SeeInvis +   a - +1 hand axe
rCold    . . .     Faith    .   (no shield)
rNeg     . . .     Spirit   .   c - +0 leather armour (curse)
rPois    +         Reflect  .   (no helmet)
rElec    .         Harm     .   (no cloak)
rCorr    .         Rampage  .   h - +0 pair of gloves
Will     .....                  (no barding)
Stlth    +.........             (no amulet)
HPRegen  0.14/turn              i - ring of poison resistance
MPRegen  0.09/turn              (no ring)

@: no status effects
A: large, rugged brown scales 3, see invisible, deformed body, roll 1, armoured
tail
a: Rolling Charge, Renounce Religion, Depart the Abyss, Bend Space


You were on level 3 of the Dungeon.
You worshipped Lugonu.
Lugonu was pleased with you.
You visited 1 branch of the dungeon, and saw 4 of its levels.
You visited the Abyss 1 time.

You collected 144 gold pieces.

Inventory:

Hand Weapons
 a - a +1 hand axe (weapon)
Armour
 c - a cursed +0 leather armour (worn)
 h - a +0 pair of gloves (worn)
Jewellery
 i - a ring of poison resistance (left hand)
 q - an uncursed amulet of faith {unknown}
Wands
 r - a wand of digging (6)
Scrolls
 b - 2 scrolls of teleportation {unknown}
 d - 2 scrolls of identify {unknown}
 j - a scroll of magic mapping {unknown}
 k - a scroll of blinking {unknown}
 l - a scroll of enchant armour {unknown}
Potions
 e - a potion of attraction {unknown}
 f - a potion of ambrosia {unknown}
 g - 2 potions of curing {unknown}
 m - a potion of heal wounds {unknown}
 n - a potion of lignification {unknown}
 o - 2 potions of mutation {unknown}
 p - a potion of brilliance {unknown}
 s - a potion of might {unknown}


   Skills:
 + Level 4.1 Fighting
 + Level 3.6 Axes
 + Level 1.8 Armour
 + Level 1.4 Dodging
 + Level 2.0 Invocations


You had 3 spell levels left.
You didn't know any spells.
Your spell library was empty.

Dungeon Overview and Level Annotations

Branches:
Dungeon (4/15)
 Temple: D:4-7

Altars:
Hepliaklqana


Innate Abilities, Weirdness & Mutations

You are completely covered in rugged brown scales. (AC +3, +7% HP)
You have supernaturally acute eyesight. (SInv)
Armour fits poorly on your strangely shaped body.
You can roll at nearby foes to attack.
You have a long armoured tail.


Message History

You hit the ice beast.
The ice beast is almost dead.
The ice beast hits you. The ice beast freezes you.
You hit the ice beast but do no damage.
The ice beast is almost dead.
The ice beast closely misses you. The ice beast hits you.
The ice beast freezes you!
You are too injured to fight recklessly!
You are too injured to fight recklessly!
You are too injured to fight recklessly!
You are too injured to fight recklessly!
You hit the ice beast but do no damage.
The ice beast is almost dead.
The ice beast barely misses you.
You hit the ice beast.
The ice beast is almost dead.
The ice beast hits you.
* * * LOW HITPOINT WARNING * * *
The ice beast freezes you!
You die...

# #. # #. # #. #
####.#### # #.......#
######
#.......##########.....
#......................
#....Y@................
#.......#####..........
#.......# #.####.####
#....<..# #<# # #
######.## #.# # #.# #.#
# #.# #.# . #.# #.. #
###


You could see an ice beast.

Vanquished Creatures
  Jessica (D:2)
  A hound skeleton (D:2)
  2 adders (D:2)
  3 oozes
  6 dart slugs
  A leopard gecko (D:1)
  A ball python (D:1)
  3 giant cockroaches (D:2)
  4 goblins
  5 hobgoblins
  5 jackals
  5 kobolds
  A bat (D:1)
  2 frilled lizards
  4 rats
44 creatures vanquished.

Notes
Turn   | Place    | Note
-------+----------+-------------------------------------------
     0 | Abyss:1  | robertstho the Palentonga Abyssal Knight began the quest
                  | for the Orb.
     0 | Abyss:1  | Reached XP level 1. HP: 20/20 MP: 2/2
    74 | Abyss:1  | Noticed a smoke demon
   102 | D:1      | Escaped the Abyss
   213 | D:1      | Reached * piety under Lugonu
   214 | D:1      | Reached XP level 2. HP: 24/27 MP: 3/3
   843 | D:2      | Reached XP level 3. HP: 35/35 MP: 4/4
  1013 | D:2      | Reached skill level 1 in Dodging
  1254 | D:2      | Reached XP level 4. HP: 42/42 MP: 5/5
  1400 | D:2      | You fall into a shaft and drop 2 floors!
  1438 | D:3      | Reached ** piety under Lugonu
  1492 | D:2      | Reached skill level 4 in Fighting
  1569 | D:2      | Noticed Jessica
  1576 | D:2      | Killed Jessica
  1746 | D:2      | Found a hazy altar of Hepliaklqana.
  2007 | D:3      | Noticed an ice beast
  2020 | D:3      | Slain by an ice beast

Illustrated notes

Levels and vault maps discovered:
D:1:      wander_arrival_lonely_grave, layout_rooms, patterned_corridor
D:2:      layout_loops_ring, lemuel_doored_altar, uniq_jessica
D:3:      layout_loops_ring, lemuel_crystal_altar, trog_butcher_becter
D:4:      layout_cave_pools, kiku_gazebo_pond_becter, serial_glass,
          glass_columns_b, glass_columns_a, glass_columns_b, glass_columns_b,
          minmay_fire_ice_demons

Skill      XL: |  1  2  3  4 |
---------------+-------------+-----
Axes           | 3 |  3.6
Dodging        | 1 |  1.4
Fighting       | 4 |  4.1
Armour         | |  1.8
Invocations    | |  2.0

Action                   |  1- 3 |  4- 6 || total
-------------------------+-------+-------++-------
Melee: Hand axe          |    85 |    58 ||   143
       Tailslap          |     9 |     5 ||    14
Invok: Depart the Abyss  |     1 |       ||     1
Armor: Leather armour    |    41 |    19 ||    60
Dodge: Dodged            |    65 |    22 ||    87

Table legend: (Time is in decaauts)
 A = Elapsed time spent in this place.
 B = Non-inter-level travel time spent in this place.
 C = Inter-level travel time spent in this place.
 D = Time resting spent in this place.
 E = Time spent auto-exploring this place.
 F = Levels seen in this place.
 G = Mean time per level.
                   A        B        C        D        E       F      G
               +--------+--------+--------+--------+--------+-----+--------+
         Total |   2042 |   1967 |     75 |      0 |   1608 |   5 |  408.4 |
       Dungeon |   1939 |   1864 |     75 |      0 |   1536 |   4 |  484.8 |
         Abyss |    103 |    103 |      0 |      0 |     72 |   1 |  103.0 |
               +--------+--------+--------+--------+--------+-----+--------+

Top non-repeatable levels by time:
     D:2: 1145 daAuts
     D:1: 723 daAuts
 Abyss:1: 103 daAuts
     D:3: 66 daAuts
     D:4: 3 daAuts
